 Dungeon Crawl Stone Soup version 0.20-a0-1116-gaa52201 (webtiles) character file.

6 ZlagarX the Insei (level 1, 0/15 HPs)
             Began as a Demigod Transmuter on Mar 30, 2017.
             Slain by a giant cockroach (1 damage)
             ... on level 1 of the Dungeon on May 8, 2017.
             The game lasted 00:00:46 (224 turns).

ZlagarX the Insei (Demigod Transmuter)               Turns: 224, Time: 00:00:47

Health: 0/15       AC:  2    Str: 13    XL:     1   Next: 60%
Magic:  5/5        EV: 12    Int: 17    God:
Gold:   7          SH:  0    Dex: 16    Spells: 2/3 levels left

rFire    . . .     SeeInvis .     - Unarmed
rCold    . . .     Gourm    .   (no shield)
rNeg     . . .     Faith    .   b - +0 robe
rPois    .         Spirit   .   (no helmet)
rElec    .         Reflect  .   (no cloak)
rCorr    .         Harm     .   (no gloves)
MR       .....                  (no boots)
Stlth    +.........             (no amulet)
Regen    0.1/turn               (no ring)
MPRegen  0.1/turn               (no ring)

@: no status effects
A: high mp 1
a: no special abilities


You were on level 1 of the Dungeon.
You were not hungry.

You visited 1 branch of the dungeon, and saw 1 of its levels.

You collected 7 gold pieces.

Inventory:

Missiles
 a - 12 arrows
Armour
 b - a +0 robe (worn)
Scrolls
 e - 2 scrolls of amnesia {unknown}
 f - a scroll of recharging {unknown}
 h - a scroll of immolation {unknown}
Potions
 g - a potion of brilliance {unknown}
Books
 c - a book of Changes

   Spells                             Type                      Level
   a - Beastly Appendage              Transmutation                1
   b - Sticks to Snakes               Transmutation                2
   c - Spider Form                    Transmutation/Poison         3
   d - Ice Form                       Ice/Transmutation            4
   e - Blade Hands                    Transmutation                5
Comestibles
 d - a bread ration
 i - a royal jelly
 j - a chunk of flesh


   Skills:
 + Level 0.8 Fighting
 + Level 1.9 Dodging
 + Level 3.0 Unarmed Combat
 + Level 1.7 Spellcasting
 + Level 1.8 Transmutations


You had 2 spell levels left.
You knew the following spells:

 Your Spells              Type           Power        Failure   Level  Hunger
a - Beastly Appendage     Tmut           #.....       10%         1    #......


Dungeon Overview and Level Annotations

Branches:
Dungeon (1/15)


Innate Abilities, Weirdness & Mutations

You have an increased reservoir of magic. (+10% MP)


Message History

The kobold hits you. The giant cockroach misses you. The kobold misses you.
The giant cockroach bites you but does no damage.
The kobold closely misses you. The giant cockroach bites you.
The kobold hits you but does no damage. The giant cockroach misses you.
The kobold closely misses you. The giant cockroach barely misses you.
The giant cockroach bites you but does no damage.
The kobold hits you but does no damage.
The giant cockroach bites you but does no damage.
The kobold barely misses you. The giant cockroach barely misses you.
The kobold hits you.
* * * LOW HITPOINT WARNING * * *
The giant cockroach bites you.
* * * LOW HITPOINT WARNING * * *
The kobold misses you. The giant cockroach barely misses you.
The kobold misses you. The giant cockroach closely misses you.
The giant cockroach bites you but does no damage.
The kobold hits you but does no damage. The giant cockroach bites you.
You die...

.†...........###...#.............
...>####.....#...................
....# #.........................
....########.....................
..###......#..........######.....
..+...####.......................
..#####..########.........##.....
..###....# #.....###....##.....
###......# #..@..#...........#.
#........# #.Ks.........†....#.
.....##..# #.................#.
...####..# #.................#.
.### #.<# ..................#.
...####..# #.....##....(......#.
.....##..# #.....######+####....
#........# ##....# #....
###......# ....


You could see a giant cockroach and a kobold.

Vanquished Creatures
  A dart slug (D:1)
  A hobgoblin (D:1)
  3 rats (D:1)
5 creatures vanquished.

Notes
Turn   | Place    | Note
-------+----------+-------------------------------------------
     0 | D:1      | ZlagarX the Demigod Transmuter began the quest for the Orb.
     0 | D:1      | Reached XP level 1. HP: 15/15 MP: 5/5
   120 | D:1      | Reached skill level 3 in Unarmed Combat
   151 | D:1      | Upgraded the game from 0.20-a0-936-gaf809b6 to 0.20-a0-1116-gaa52201
   224 | D:1      | Slain by a giant cockroach

Vault maps used:
D:1:      lemuel_arrival_funnel

Skill      XL: |  1 |
---------------+----+-----
Unarmed Combat | 3 |  3.0
Fighting       | |  0.8
Dodging        | |  1.9
Spellcasting   | |  1.7
Transmutations | |  1.8

Action                   || total
-------------------------++-------
Melee: Unarmed           ||    15
       Kick              ||     2
       Headbutt          ||     1
 Cast: Beastly Appendage ||     3
Armor: Robe              ||    16
Dodge: Dodged            ||    40
